Map: Orbital Shipyard

Players

ILLBdA - Winner!

  • Race: Protoss Protoss
  • League: Diamond

星霸

  • Race: Protoss Protoss
  • League: Diamond

VOD

Have the link to the VOD?

Description

Time

  • Played on: Dec. 29, 2015, 8:24 p.m.
  • Length: 6:48
Show
View Real Time Build Order
Export as new Build Order

ILLBdA Protoss - Winner!

Build Orders:  

Get SALT Encoding   

  12  0:00  Probe (Chrono Boost)  
  13  0:11  Probe (Chrono Boost)  
  14  0:18  Pylon  
  14  0:22  Probe (Chrono Boost)  
  15  0:36  Probe (Chrono Boost)  
  15  0:37  Gateway  
  15  0:42  Assimilator  
  16  0:47  Probe (Chrono Boost)  
  17  0:57  Probe (Chrono Boost)  
  17  0:59  Assimilator  
  18  1:08  Probe (Chrono Boost)  
  19  1:13  Gateway  
  19  1:18  Probe (Chrono Boost)  
  19  1:24  Cybernetics Core  
  20  1:29  Probe (Chrono Boost)  
  21  1:36  Pylon  
  22  1:40  Probe (Chrono Boost)  
  22  1:50  Probe (Chrono Boost)  
  23  2:00  Stalker  
  23  2:01  Stalker  
  27  2:03  Warp Gate  
  27  2:09  Pylon  
  27  2:20  Gateway  
  27  2:26  Mothership Core (Chrono Boost)  
  29  2:34  Stalker  
  31  2:37  Stalker  
  33  2:56  Pylon  
  33  3:05  Stalker  
  33  3:08  Pylon  
  35  3:15  Pylon  
  35  3:20  Pylon  
  35  3:31  Pylon  
  33  4:10  Stalker x2  
  33  4:11  Stalker  
  33  4:13  Robotics Facility  
  39  4:34  Stalker x2  
  39  4:35  Stalker  
  45  4:40  Forge  
  45  5:00  Observer (Chrono Boost)  
  46  5:08  Stalker x3  
  52  5:19  Observer (Chrono Boost)  
  52  5:21  Photon Cannon  
  53  5:40  Immortal (Chrono Boost)  
  57  5:47  Stalker x2  
  61  5:54  Stalker  
  52  6:29  Zealot  
Show
View Real Time Build Order
Export as new Build Order

星霸 Protoss 

Build Orders: Dark Templar Rush 

Get SALT Encoding   

  12  0:01  Probe (Chrono Boost)  
  13  0:11  Probe (Chrono Boost)  
  14  0:17  Pylon  
  14  0:22  Probe (Chrono Boost)  
  15  0:36  Gateway  
  15  0:38  Probe (Chrono Boost)  
  16  0:45  Assimilator  
  16  0:48  Probe (Chrono Boost)  
  17  0:56  Assimilator  
  17  0:59  Probe (Chrono Boost)  
  18  1:10  Gateway  
  18  1:21  Probe (Chrono Boost)  
  19  1:31  Cybernetics Core  
  19  1:35  Probe (Chrono Boost)  
  20  1:40  Pylon  
  20  1:48  Probe (Chrono Boost)  
  21  2:03  Pylon  
  21  2:08  Adept x2  
  25  2:11  Mothership Core (Chrono Boost)  
  25  2:13  Warp Gate  
  27  2:25  Forge  
  27  2:36  Probe (Chrono Boost)  
  28  2:41  Twilight Council  
  28  2:46  Probe (Chrono Boost)  
  29  3:03  Stalker x2  
  33  3:19  Pylon  
  33  3:25  Pylon  
  31  3:27  Pylon  
  26  3:50  Dark Shrine  
  26  3:55  Pylon  
  26  4:00  Pylon  
  25  4:22  Gateway  
  25  4:25  Gateway  
  25  4:27  Gateway  
  16  5:24  Dark Templar x2  
Tags
 
Add a new tag
Caveats
  • Supply blocks, unpowered buildings, or Contaminate may cause inaccurate times.
  • Supply counts are checked every 10 seconds.